 Dungeon Crawl Stone Soup version 0.26-a0-466-g989023bd0d (webtiles) character file.

Game seed: 4219608669969374176

60 Gargoyl the Skirmisher (level 4, 0/61 HPs)
             Began as a Gnoll Abyssal Knight on July 30, 2020.
             Was an Initiate of Lugonu.
             Slain by Crazy Yiuf
             ... wielding a +4 quarterstaff of chaos
              (7 damage)
             ... on level 2 of the Dungeon.
             The game lasted 00:03:25 (3513 turns).

Gargoyl the Skirmisher (Gnoll Abyssal Knight)       Turns: 3513, Time: 00:03:25

Health: 0/61       AC: 22    Str: 12 (14) XL:     4   Next: 6%
Magic:  5/7        EV:  2    Int: 13 (15) God:    Lugonu [......]
Gold:   76         SH:  0    Dex: 13 (15) Spells: 5/5 levels left

rFire    + . .     SeeInvis .   c - -2 dagger (curse)
rCold    + . .     Faith    .   (no shield)
rNeg     + + +     Spirit   .   (armour currently unavailable)
rPois    +         Reflect  .   (helmet currently unavailable)
rElec    +         Harm     .   (cloak currently unavailable)
rCorr    +         NoTele   +   (gloves currently unavailable)
MR       +....                  (boots currently unavailable)
Stlth    ++........             (no amulet)
HPRegen  0.20/turn              d - ring of protection from magic
MPRegen  0.10/turn              (no ring)

@: brilliant, tree-form, resistant, stab
A: distributed training, strong nose
a: Renounce Religion


You were on level 2 of the Dungeon.
You worshipped Lugonu.
Lugonu was noncommittal.
You were a tree.
You visited 1 branch of the dungeon, and saw 2 of its levels.
You visited the Abyss 1 time.

You collected 76 gold pieces.

Inventory:

Hand Weapons
 a - a +1 hand axe
 c - a cursed -2 dagger (weapon)
Armour
 b - a +1 leather armour (melded)
 m - a +0 pair of gloves (melded)
Jewellery
 d - a ring of protection from magic (left branch)
Scrolls
 g - a scroll of immolation
 h - a scroll of blinking
Potions
 j - a potion of resistance
 l - a potion of stabbing


   Skills:
 + Level 6.5 Fighting
 + Level 1.0 Short Blades
 + Level 1.0 Long Blades
 + Level 4.6 Axes
 + Level 1.0 Maces & Flails
 + Level 1.0 Polearms
 + Level 1.0 Staves
 + Level 1.0 Slings
 + Level 1.0 Bows
 + Level 1.0 Crossbows
 + Level 1.0 Throwing
 + Level 4.6 Armour
 + Level 2.7 Dodging
 + Level 1.0 Stealth
 + Level 1.0 Shields
 + Level 1.0 Unarmed Combat
 + Level 1.0 Spellcasting
 + Level 0.7 Conjurations
 + Level 0.7 Hexes
 + Level 0.7 Summonings
 + Level 0.7 Necromancy
 + Level 0.7 Translocations
 + Level 0.7 Transmutations
 + Level 0.7 Fire Magic
 + Level 0.7 Ice Magic
 + Level 0.7 Air Magic
 + Level 0.7 Earth Magic
 + Level 0.7 Poison Magic
 + Level 4.6 Invocations
 + Level 1.0 Evocations


You had 5 spell levels left.
You didn't know any spells.
Your spell library was empty.

Dungeon Overview and Level Annotations

Branches:
Dungeon (2/15)

Altars:

Annotations:
D:2 Crazy Yiuf


Innate Abilities, Weirdness & Mutations

Your experience applies equally to all skills.
((You have very sharp teeth.))
Your uncanny sense of smell can sniff out nearby items.


Message History

Crazy Yiuf is lightly wounded.
Crazy Yiuf completely misses you.
You hit Crazy Yiuf but do no damage.
Crazy Yiuf is lightly wounded.
Crazy Yiuf whimpers, "Shadow!
Blight shoe horse."
Crazy Yiuf hits you but does no damage.
You hit Crazy Yiuf but do no damage.
Crazy Yiuf is lightly wounded.
You barely miss Crazy Yiuf.
Crazy Yiuf is lightly wounded.
Crazy Yiuf cries, "You leg down broken song, no?"
Crazy Yiuf hits you but does no damage.
You hit Crazy Yiuf but do no damage.
Crazy Yiuf hits you with a +4 quarterstaff of chaos!
* * * LOW HITPOINT WARNING * * *
Crazy Yiuf freezes you.
* * * LOW HITPOINT WARNING * * *
You hit Crazy Yiuf but do no damage.
Crazy Yiuf hits you with a +4 quarterstaff of chaos!
You die...

##.<............#
####..##.#..
.#..###########.#
#.)......... .#..# #.#
#.#####..... .#..# ###
#######...#. .#..#
#.....).. .#..#
###♣♣♣♣♣ #........
.#..####....♣.♣♣♣ ###
##........
.#........P..♣..♣#...#
#.......##
.#..##.....P♣♣♣♣♣g...#
#.###...#
.#..###...P♣♣ ♣♣#..)#
#.# #...# ....# ####♣♣
### #.# ##.## #...#
### #.# #..## #.#
#..########### #####
#.# #............#
#.#.# #.#
#..########### #.#.#
#.# #.......# #.#.#
#.#


You could see Crazy Yiuf (strong).

Vanquished Creatures
  2 adders (D:2)
  A worm (D:2)
  2 dart slugs
  2 bats (D:2)
  3 giant cockroaches (D:1)
  5 goblins
  3 hobgoblins (D:2)
  3 jackals (D:2)
  9 kobolds
  3 frilled lizards (D:1)
  2 rats
35 creatures vanquished.

Notes
Turn   | Place    | Note
-------+----------+-------------------------------------------
     0 | Abyss:1  | Gargoyl the Gnoll Abyssal Knight began the quest for the
                  | Orb.
     0 | Abyss:1  | Reached XP level 1. HP: 23/23 MP: 3/3
    62 | Abyss:1  | Noticed an apocalypse crab
    63 | Abyss:1  | Noticed a raiju
    64 | Abyss:1  | Noticed a flying skull
    76 | D:1      | Escaped the Abyss
   528 | D:1      | Reached XP level 2. HP: 29/29 MP: 5/5
  1560 | D:2      | Reached XP level 3. HP: 32/35 MP: 6/6
  2798 | D:2      | Reached skill level 1 in Short Blades
  2798 | D:2      | Reached skill level 1 in Long Blades
  2798 | D:2      | Reached skill level 1 in Maces & Flails
  2798 | D:2      | Reached skill level 1 in Polearms
  2798 | D:2      | Reached skill level 1 in Staves
  2798 | D:2      | Reached skill level 1 in Slings
  2798 | D:2      | Reached skill level 1 in Bows
  2798 | D:2      | Reached skill level 1 in Crossbows
  2798 | D:2      | Reached skill level 1 in Throwing
  2798 | D:2      | Reached skill level 1 in Stealth
  2798 | D:2      | Reached skill level 1 in Shields
  2798 | D:2      | Reached skill level 1 in Unarmed Combat
  2798 | D:2      | Reached skill level 1 in Spellcasting
  2798 | D:2      | Reached skill level 1 in Evocations
  2854 | D:2      | Found a runed translucent door.
  2855 | D:2      | Noticed Crazy Yiuf
  2898 | D:2      | Reached XP level 4. HP: 29/41 MP: 7/7
  3513 | D:2      | Slain by Crazy Yiuf

Illustrated notes

Levels and vault maps discovered:
D:1:      scummos_arrival_hexagon, layout_rooms
D:2:      layout_loops_ring, kennysheep_generic_room_13, uniq_crazy_yiuf_cottage

Skill      XL: |  1  2  3 |
---------------+----------+-----
Short Blades   | 1 |  1.0
Long Blades    | 1 |  1.0
Maces & Flails | 1 |  1.0
Polearms       | 1 |  1.0
Staves         | 1 |  1.0
Slings         | 1 |  1.0
Bows           | 1 |  1.0
Crossbows      | 1 |  1.0
Throwing       | 1 |  1.0
Stealth        | 1 |  1.0
Shields        | 1 |  1.0
Unarmed Combat | 1 |  1.0
Spellcasting   | 1 |  1.0
Evocations     | 1 |  1.0
Fighting       | |  6.5
Axes           | |  4.6
Armour         | |  4.6
Dodging        | |  2.7
Conjurations   | |  0.7
Hexes          | |  0.7
Summonings     | |  0.7
Necromancy     | |  0.7
Translocations | |  0.7
Transmutations | |  0.7
Fire Magic     | |  0.7
Ice Magic      | |  0.7
Air Magic      | |  0.7
Earth Magic    | |  0.7
Poison Magic   | |  0.7
Invocations    | |  4.6

Action                   |  1- 3 |  4- 6 || total
-------------------------+-------+-------++-------
Melee: Dagger            |   414 |    22 ||   436
       Bite              |    47 |     1 ||    48
Invok: Depart the Abyss  |     1 |       ||     1
  Use: Scroll            |     5 |     2 ||     7
       Potion            |     3 |     5 ||     8
Armor: Leather armour    |   121 |     2 ||   123
       Skin              |       |     5 ||     5
Dodge: Dodged            |   277 |    10 ||   287

Table legend: (Time is in decaauts)
 A = Elapsed time spent in this place.
 B = Non-inter-level travel time spent in this place.
 C = Inter-level travel time spent in this place.
 D = Time resting spent in this place.
 E = Time spent auto-exploring this place.
 F = Levels seen in this place.
 G = Mean time per level.
                   A        B        C        D        E       F      G
               +--------+--------+--------+--------+--------+-----+--------+
         Total |   3508 |   3470 |     38 |   1130 |   1602 |   3 | 1169.3 |
       Dungeon |   3424 |   3386 |     38 |   1130 |   1533 |   2 | 1712.0 |
         Abyss |     83 |     83 |      0 |      0 |     69 |   1 |   83.0 |
               +--------+--------+--------+--------+--------+-----+--------+

Top non-repeatable levels by time:
     D:2: 2217 daAuts
     D:1: 1206 daAuts
 Abyss:1: 83 daAuts
